 Dungeon Crawl Stone Soup version 0.23.0-3-gf3c87f2 (webtiles) character file.

Game seed: 2939080951446756883

102 Gorice the Covered (level 4, -1/38 HPs)
             Began as a Minotaur Wanderer on Feb 23, 2019.
             Slain by an orc
             ... wielding a +2 short sword of electrocution
              (18 damage)
             ... on level 3 of the Dungeon.
             The game lasted 00:07:41 (1591 turns).

Gorice the Covered (Minotaur Wanderer)              Turns: 1591, Time: 00:07:42

Health: -1/38      AC: 11    Str: 17    XL:     4   Next: 50%
Magic:  3/3        EV:  9    Int: 10    God:
Gold:   137        SH:  0    Dex:  9    Spells: 3/3 levels left

rFire    . . .     SeeInvis .   j - +1 long sword (distort)
rCold    . . .     Gourm    .   (no shield)
rNeg     . . .     Faith    .   a - +2 scale mail
rPois    .         Spirit   .   (helmet restricted)
rElec    .         Reflect  .   (no cloak)
rCorr    .         Harm     .   (no gloves)
MR       .....                  l - +0 pair of boots
Stlth    ..........             (no amulet)
HPRegen  0.12/turn              (no ring)
MPRegen  0.08/turn              (no ring)

@: no status effects
A: retaliatory headbutt, horns 2
a: no special abilities


You were on level 3 of the Dungeon.
You were not hungry.

You visited 1 branch of the dungeon, and saw 3 of its levels.

You collected 137 gold pieces.

Inventory:

Hand Weapons
 b - a +0 shortbow
 e - a +0 club
 h - a +0 spear
 i - a +0 falchion
 j - a +1 long sword of distortion (weapon)
   (You found it on level 2 of the Dungeon)
 o - a +0 flail
Missiles
 c - 104 arrows
 Y - 10 stones (quivered)
Armour
 a - a +2 scale mail (worn)
 l - a +0 pair of boots (worn)
Jewellery
 r - an uncursed amulet of magic regeneration
Scrolls
 d - 2 scrolls of teleportation {!r}
 k - 2 scrolls of identify
 q - a scroll of amnesia
Potions
 g - 2 potions of curing
 n - 2 potions of heal wounds {!q}
 p - a potion of ambrosia
 s - 2 potions of lignification {!q}
Comestibles
 f - 7 rations
 m - 3 chunks of flesh


   Skills:
 - Level 3.1 Fighting
 * Level 2.8 Long Blades
 - Level 1.2 Maces & Flails
 - Level 1.1 Bows
 + Level 6.7 Armour
 - Level 1.0 Stealth
   Level 1.2 Shields


You had 3 spell levels left.
You didn't know any spells.
Your spell library was empty.

Dungeon Overview and Level Annotations

Branches:
Dungeon (3/15)

Altars:
Hepliaklqana
Uskayaw
Xom


Innate Abilities, Weirdness & Mutations

You reflexively headbutt those who attack you in melee.
You have a pair of horns on your head.


Message History

The adder is moderately wounded.
The adder bites you.
The leopard gecko bites you but does no damage.
The adder bites you but does no damage.
The leopard gecko bites you but does no damage.
Damage: 4 (max 4)
The adder bites you but does no damage.
You closely miss the adder.
The adder is moderately wounded.
The adder closely misses you.
You riposte.
You slash the adder!
You kill the adder!
You slash the leopard gecko!
You kill the leopard gecko!
No target in view!
You see here an adder corpse.
You butcher the adder corpse.
m - 7 chunks of flesh (gained 2)
You see here an adder skeleton.
Found a hazy altar of Hepliaklqana.
You now have 137 gold pieces (gained 8).
k - 3 scrolls of identify (gained 1)
You see here an adder skeleton.
Some of the chunks of flesh in your inventory have rotted away.
Found a scale mail.
t - a glowing cyan potion
As you read the scroll of identify, it crumbles to dust.
t - a potion of degeneration Drop what? 21/52 slots (_ for help) (? for menu, Esc to quit)
You drop a potion of degeneration {!q}.
Found a short sword.
A dart slug comes into view.
The dart slug launches a dart at you. The slug dart hits you.
Some of the chunks of flesh in your inventory have rotted away.
Found a scroll of identify.
Damage: 6 (max 6)
An orc comes into view.
It is wielding a +2 short sword of electrocution.
The orc shouts!
The dart slug launches a dart at you. The slug dart hits you.
Damage: 5 (max 6)
You slash the dart slug!
Space bends around the dart slug.
You kill the dart slug!
You see here a dart slug corpse.
You slash the dart slug!
The dart slug is almost dead.
The dart slug blinks!
The orc hits you with a +2 short sword of electrocution.
You are electrocuted!!
You die...

# ## .## ._# ##########
.## #........#
##############........#
#...........[.........#
.......!...w....@ยง....#
##############...o).?.#
########## #######


You could see a dart slug and an orc.

Vanquished Creatures
  3 gnolls (D:3)
  3 adders (D:3)
  An ooze (D:1)
  2 dart slugs
  2 leopard geckos
  2 ball pythons (D:2)
  A giant cockroach (D:1)
  5 goblins
  4 hobgoblins
  A quokka (D:3)
  A bat (D:3)
  3 frilled lizards
  6 kobolds
  4 rats
38 creatures vanquished.

Notes
Turn   | Place    | Note
-------+----------+-------------------------------------------
     0 | D:1      | Gorice the Minotaur Wanderer began the quest for the Orb.
     0 | D:1      | Gorice set off with the following items: a +2 scale mail, a
                  | +0 shortbow, 28 arrows, a scroll of teleportation {!r}, a
                  | ration
     0 | D:1      | Reached XP level 1. HP: 16/16 MP: 0/0
    48 | D:1      | Found a shimmering altar of Xom.
   103 | D:1      | Reached skill level 2 in Fighting
   155 | D:1      | Reached XP level 2. HP: 23/25 MP: 1/1
   852 | D:2      | Found a hide-covered altar of Uskayaw.
   863 | D:2      | Reached skill level 3 in Fighting
   975 | D:2      | Reached XP level 3. HP: 31/31 MP: 2/2
  1333 | D:3      | Reached skill level 1 in Long Blades
  1349 | D:3      | Reached skill level 2 in Long Blades
  1349 | D:3      | Reached XP level 4. HP: 17/38 MP: 3/3
  1542 | D:3      | Found a hazy altar of Hepliaklqana.
  1591 | D:3      | Slain by an orc

Skill      XL: |  1  2  3 |
---------------+----------+-----
Fighting       | 2 3 |  3.1
Long Blades    | 2 |  2.8
Maces & Flails | |  1.2
Bows           | |  1.1
Armour         | |  6.7
Stealth        | |  1.0
Shields        | |  1.2

Action                   |  1- 3 |  4- 6 || total
-------------------------+-------+-------++-------
Melee: Long sword        |    13 |    19 ||    32
       Headbutt          |     2 |     1 ||     3
 Fire: Shortbow          |    82 |       ||    82
  Use: Scroll            |     6 |     4 ||    10
  Eat: Chunk             |     1 |     1 ||     2
Armor: Scale mail        |    24 |    12 ||    36
Dodge: Dodged            |    31 |    10 ||    41
       Rpst.: Long sword |     1 |     3 ||     4

Table legend:
 A = Turns spent in this place as a percentage of turns spent in the entire game.
 B = Non-inter-level travel turns spent in this place as a percentage of non-inter-level travel turns spent in the entire game.
 C = Inter-level travel turns spent in this place as a percentage of turns spent in this place.
 D = Turns resting spent in this place as a percentage of non-inter-level travel turns spent in this place.
 E = Turns spent auto-exploring this place as a percentage of non-inter-level travel turns spent in this place.
 F = Non-inter-level travel turns spent in this place divided by the number of levels of this place that you've seen.
                   A       B       C       D       E      F
               +-------+-------+-------+-------+-------+----------------------
         Total | 100.0 | 100.0 |   3.1 |   0.3 |  56.9 | 513.7
       Dungeon | 100.0 | 100.0 |   3.1 |   0.3 |  56.9 | 513.7
               +-------+-------+-------+-------+-------+----------------------

Levels and vault maps discovered:
D:1:      evilmike_arrival_fibonacci_small, layout_basic, xom_teletrap_fun
D:2:      layout_basic, old_standard_altar
D:3:      layout_rooms, marbit_many_paths, overflow_temple_1_default
